 Dungeon Crawl Stone Soup version 0.29-a0-993-g4a18f31a58 (webtiles) character file.

Game seed: 9036100544782032417

625 gelatine the Stinger (level 7, 0/57 HPs)
             Began as a Naga Venom Mage on Aug 2, 2022.
             Slain by a vampire (5 damage)
             ... on level 6 of the Dungeon.
             The game lasted 00:16:56 (5529 turns).

gelatine the Stinger (Naga Venom Mage)              Turns: 5529, Time: 00:16:58

Health: 0/57       AC:  9    Str: 10    XL:     7   Next: 47%
Magic:  6/22       EV: 10    Int: 18    God:
Gold:   261        SH:  0    Dex: 11    Spells: 4/14 levels left

rFire   . . .      SeeInvis +   g - +4 trident (freeze)
rCold   . . .      Faith    .   (no shield)
rNeg    . . .      Spirit   .   a - +0 robe
rPois   +          Reflect  .   i - +1 hat
rElec   .          Harm     .   l - +0 cloak
rCorr   .          Rampage  .   (no gloves)
Will    .....                   (no barding)
Stlth   ++........              (no amulet)
HPRegen 0.19/turn               e - ring of magical power
MPRegen 0.18/turn               m - +4 ring of protection

@: hasted, quick
A: AC +2, large, see invisible, deformed body, poison resistance, slowness 2,
spit poison 1, naga tail 1
a: Spit Poison


You were on level 6 of the Dungeon.
You visited 1 branch of the dungeon, and saw 6 of its levels.

You collected 287 gold pieces.
You spent 26 gold pieces at shops.

Inventory:

Hand Weapons
 g - a +4 trident of freezing (weapon)
 k - a +3 quarterstaff of chaos
Armour
 a - a +0 robe (worn)
 i - a +1 hat (worn)
 l - a +0 cloak (worn)
Magical Staves
 d - a staff of poison
Jewellery
 e - a ring of magical power (left hand)
 m - a +4 ring of protection (right hand)
 n - an amulet of faith
Wands
 q - a wand of mindburst (3)
Scrolls
 j - 2 scrolls of noise
 p - a scroll of fear
Potions
 b - a potion of magic
 c - 2 potions of curing
 f - 2 potions of invisibility
 h - 2 potions of lignification


   Skills:
 + Level 1.0 Fighting
 + Level 0.4 Maces & Flails
 + Level 1.6 Polearms
 + Level 2.4 Dodging
 + Level 4.1 Stealth
 + Level 4.1 Spellcasting
 * Level 1.0 Conjurations
 + Level 2.9 Transmutations
 + Level 1.4 Air Magic
 + Level 6.4 Poison Magic
 * Level 0.1 Evocations


You had 4 spell levels left.
You knew the following spells:

 Your Spells              Type           Power      Damage    Failure   Level
a - Sting                 Tmut/Pois      80%        1d7       2%          1
b - Poisonous Vapours     Pois/Air       34%        N/A       4%          2
c - Olgreb's Toxic Radia  Pois           26%        N/A       11%         4
d - Mephitic Cloud        Conj/Pois/Air  14%        N/A       13%         3

Your spell library contained the following spells:

 Spells                   Type           Power      Damage    Failure   Level
 Shock                    Conj/Air       32%        1d5       9%          1
 Freeze                   Ice            12%        1d4       14%         1
 Swiftness                Air            8%         N/A       24%         3
 Frozen Ramparts          Ice            6%         1d8       41%         3
 Airstrike                Air            4%         2d(1-17)  63%         4
 Hailstorm                Conj/Ice       5%         3d4       75%         4


Dungeon Overview and Level Annotations

Branches:
Dungeon (6/15)
 Temple: D:4-7

Altars:
Dithmenos
Elyvilon
Hepliaklqana

Shops:
D:2 ?


Innate Abilities, Weirdness & Mutations

Your serpentine skin is tough. (AC +2)
You have supernaturally acute eyesight. (SInv)
Armour fits poorly on your strangely shaped body.
Your system is resistant to poisons. (rPois)
You cover ground very slowly.
You can spit poison.
You have a snake-like lower body.


Message History

Aim: a vampire (slightly transparent, chance to affect: 47%)
The vampire resists with some effort.
The vampire completely misses you. The vampire closely misses you.
You can't see any enemies this would affect, really read the scroll of fear?
Okay, then.
Casting: Olgreb's Toxic Radiance (dangerous; 11% risk of failure)
Confirm with . or Enter, or press ? or * to list all spells.
You can't see any susceptible monsters within range! (Use Z to cast anyway.)
The vampire attacks as you move away! The vampire closely misses you.
The vampire bites you but does no damage.
Found a potion of magic.
There is an escape hatch in the floor here.
The vampire closely misses you. The vampire completely misses you.
You slide downwards.
The hatch slams shut behind you.
As you read the scroll labelled ALE RIHOELITH, it crumbles to dust.
It is a scroll of enchant weapon.
Your +3 trident of freezing glows red for a moment.
The vampire hits you but does no damage.
The vampire bites you.
* * * LOW HITPOINT WARNING * * *
The vampire draws strength from your injuries!
You closely miss the vampire. The vampire hits you.
* * * LOW HITPOINT WARNING * * *
The vampire barely misses you. x2; The vampire misses you.
You feel yourself speed up. The vampire barely misses you.
The vampire closely misses you.
You hit the vampire but do no damage. You hit the vampire.
The vampire is lightly damaged.
The vampire hits you but does no damage.
The vampire bites you.
* * * LOW HITPOINT WARNING * * *
The vampire draws strength from your injuries!
Aiming: Mindburst
Press: ? - help, Q - select action, (/) - cycle Shift-Dir - straight line, f - vampire
Aim: a vampire (lightly damaged, slightly transparent, chance to affect: 47%)
The vampire's mind is blasted!
A sky beast comes into view.
The vampire hits you.
You die...

## #.
##. ..
##.
##..##
#..V@#
#.Y###
##


You could see a vampire (invisible) and a sky beast.

Vanquished Creatures
  A necrophage (D:4)
  A howler monkey (D:3)
  An orc priest (D:4)
  Crazy Yiuf (D:3)
  A jelly (D:4)
  3 iguanas
  Terence (D:2)
  Natasha (thrice) (D:2)
  3 orc wizards
  6 gnolls
  3 adders
  4 worms
  2 dart slugs
  13 orcs
  10 ball pythons
  7 endoplasms
  7 giant cockroaches
  6 goblins
  6 hobgoblins
  4 kobolds
  5 quokkas
  4 bats
  3 frilled lizards
  5 rats
100 creatures vanquished.

Notes
Turn   | Place    | Note
-------+----------+-------------------------------------------
     0 | D:1      | gelatine the Naga Venom Mage began the quest for the Orb.
     0 | D:1      | Reached XP level 1. HP: 15/15 MP: 3/3
   163 | D:1      | Reached XP level 2. HP: 6/22 MP: 1/5
   855 | D:1      | Reached XP level 3. HP: 28/28 MP: 2/6
  1472 | D:2      | Learned a level 2 spell: Poisonous Vapours
  1675 | D:2      | Noticed Terence
  1684 | D:2      | Killed Terence
  1685 | D:2      | Reached XP level 4. HP: 7/36 MP: 0/8
  1943 | D:2      | Noticed Natasha
  1951 | D:2      | Killed Natasha
  1952 | D:2      | Reached skill level 5 in Poison Magic
  1958 | D:2      | Noticed Natasha
  1964 | D:2      | Killed Natasha
  1965 | D:2      | Reached XP level 5. HP: 41/42 MP: 0/9
  2272 | D:2      | Found a faded altar of an unknown god.
  2273 | D:2      | Noticed Natasha
  2281 | D:2      | Found Gigunn's Magic Scroll Boutique.
  2291 | D:2      | Killed Natasha
  2312 | D:2      | HP: 2/64 [gnoll/+0 club (3)]
  2314 | D:2      | Reached skill level 1 in Polearms
  2614 | D:2      | Bought a scroll of identify for 26 gold pieces
  3344 | D:3      | Reached XP level 6. HP: 47/50 MP: 10/10
  3456 | D:3      | Found a white marble altar of Elyvilon.
  3484 | D:3      | Learned a level 4 spell: Olgreb's Toxic Radiance
  4001 | D:3      | Found a runed translucent door.
  4002 | D:3      | Noticed Crazy Yiuf
  4182 | D:3      | Killed Crazy Yiuf
  4392 | D:4      | Reached skill level 1 in Air Magic
  4476 | D:4      | Learned a level 3 spell: Mephitic Cloud
  4549 | D:4      | Reached skill level 1 in Fighting
  4549 | D:4      | Reached skill level 6 in Poison Magic
  4549 | D:4      | Reached XP level 7. HP: 48/57 MP: 12/12
  4819 | D:4      | Found a hazy altar of Hepliaklqana.
  5447 | D:5      | Entered Level 5 of the Dungeon
  5497 | D:5      | Noticed a vampire
  5511 | D:5      | Found a shadowy altar of Dithmenos.
  5516 | D:5      | Reached skill level 1 in Conjurations
  5529 | D:6      | Slain by a vampire

Illustrated notes

Levels and vault maps discovered:
D:1:      scummos_arrival_forest, layout_rooms
D:2:      minmay_diamond_boxcup, layout_loops_cross, serial_shops, shop,
          shapermc_ecumenical_altar_venn, uniq_natasha, uniq_terence
D:3:      layout_basic, mainiacjoe_overflow_cross_hatched, minmay_cut_off,
          uniq_crazy_yiuf_cottage
D:4:      layout_rooms, nicolae_hepliaklqana_hippocampus,
          kennysheep_generic_room_15
D:5:      layout_layer_cave, grunt_dithmenos_smoke,
          mainiacjoe_overflow_tiny_flanked, uniq_edmund
D:6:      layout_cave_pools, temple_green

Skill      XL: |  1  2  3  4  5  6  7 |
---------------+----------------------+-----
Dodging        | 2 |  2.4
Poison Magic   | 5 6 |  6.4
Spellcasting   | 3 4 |  4.1
Transmutations | 2 |  2.9
Stealth        | 4 |  4.1
Polearms       | 1 |  1.6
Air Magic      | 1 |  1.4
Fighting       | 1 |  1.0
Conjurations   | 1 |  1.0
Maces & Flails | |  0.4
Evocations     | |  0.1

Action                   |  1- 3 |  4- 6 |  7- 9 || total
-------------------------+-------+-------+-------++-------
Melee: Mace              |    17 |       |       ||    17
       Trident           |       |    86 |    20 ||   106
 Cast: Sting             |    56 |    61 |    29 ||   146
       Poisonous Vapours |       |    19 |     4 ||    23
       Olgreb's Toxic Ra |       |     2 |     8 ||    10
       Mephitic Cloud    |       |       |     1 ||     1
Evoke: Wand              |       |       |     2 ||     2
  Use: Scroll            |       |     2 |     4 ||     6
       Potion            |       |     2 |     1 ||     3
 Stab: Sleeping          |       |     6 |       ||     6
Armor: Robe              |    10 |    29 |    20 ||    59
       Skin              |       |     6 |       ||     6
Dodge: Dodged            |    22 |    54 |    29 ||   105

Table legend: (Time is in decaauts)
 A = Elapsed time spent in this place.
 B = Non-inter-level travel time spent in this place.
 C = Inter-level travel time spent in this place.
 D = Time resting spent in this place.
 E = Time spent auto-exploring this place.
 F = Levels seen in this place.
 G = Mean time per level.
                   A        B        C        D        E       F      G
               +--------+--------+--------+--------+--------+-----+--------+
         Total |   6612 |   6098 |    514 |    294 |   4924 |   6 | 1102.0 |
       Dungeon |   6612 |   6098 |    514 |    294 |   4924 |   6 | 1102.0 |
               +--------+--------+--------+--------+--------+-----+--------+

Top non-repeatable levels by time:
     D:3: 2009 daAuts
     D:2: 1905 daAuts
     D:1: 1494 daAuts
     D:4: 1099 daAuts
     D:5: 98 daAuts
     D:6: 5 daAuts
